 Dungeon Crawl Stone Soup version 0.31-a0-236-g9a0961fb85 (webtiles) character file.

Game seed: 1734952031526913545

162 qw the Shooter (level 5, -5/45 HPs)
             Began as a Minotaur Hexslinger on July 10, 2023.
             Killed by divine providence
             ... invoked by an orc priest
              (17 damage)
             ... on level 4 of the Dungeon.
             The game lasted 00:00:58 (2405 turns).

qw the Shooter (Minotaur Hexslinger)                Turns: 2405, Time: 00:00:59

Health: -5/45      AC:  4    Str: 12    XL:     5   Next: 19%
Magic:  5/5        EV: 12    Int: 10    God:
Gold:   169        SH:  0    Dex: 15    Spells: 5/6 levels left

rFire   . . .        Y - +1 sling
rCold   . . .        (no shield)
rNeg    . . .        i - +0 leather armour
rPois   .            (helmet restricted)
rElec   .            (no cloak)
rCorr   .            f - +0 pair of gloves
SInv    .            (no boots)
Will    .....        (no amulet)
Stlth   +            (no ring)
HPRegen 0.27/turn    (no ring)
MPRegen 0.09/turn

%: no passive effects
@: no status effects
A: horns 2, retaliatory headbutt
a: no special abilities


You were on level 4 of the Dungeon.
You visited 1 branch of the dungeon, and saw 4 of its levels.

You collected 169 gold pieces.


Innate Abilities, Weirdness & Mutations

You have a pair of horns on your head.
You reflexively headbutt those who attack you in melee.


   Skills:
 - Level 3.0 Fighting
 + Level 5.4 Ranged Weapons
 - Level 2.1 Dodging
 - Level 1.0 Spellcasting
 - Level 2.0 Hexes


You had 5 spell levels left.
You knew the following spells:

 Your Spells              Type           Power      Damage    Failure   Level
a - Slow                  Hex            16%        N/A       19%         1

Your spell library contained the following spells:

 Spells                   Type           Power      Damage    Failure   Level
 Inner Flame              Hex/Fire       2%         N/A       65%         3
 Portal Projectile        Hex/Tloc       4%         N/A       65%         3
 Cause Fear               Hex            2%         N/A       88%         4

Inventory:

Hand Weapons
 Y - a +1 sling (weapon)
Armour
 f - a +0 pair of gloves (worn)
 i - a +0 leather armour (worn)
Potions
 a - a potion of enlightenment {unknown}
 b - a potion of resistance {unknown}
 d - 2 potions of curing
 e - a potion of degeneration {unknown}
 g - 2 potions of heal wounds
 k - a potion of haste

Dungeon Overview and Level Annotations

Branches:
Dungeon (4/15)
 Temple: D:4-7

Altars:
Ashenzari
Trog


Message History

You now have 169 gold pieces (gained 9).
A ball python comes into view.
The ball python hisses angrily.
You shoot a sling bullet. The sling bullet hits the ball python.
You kill the ball python!
An orc comes into view. It is wielding a +0 club.
You shoot a sling bullet. The orc shouts!
The sling bullet hits the orc.
The orc is lightly wounded.
You hear a shout!
An orc priest comes into view. It is wielding a +0 falchion.
An iguana comes into view.
The iguana hisses angrily.
You shoot a sling bullet. The orc priest shouts!
The sling bullet hits the orc.
The orc is heavily wounded.
You shoot a sling bullet. The sling bullet hits the orc.
You kill the orc!
You shoot a sling bullet.
The sling bullet hits the iguana but does no damage.
An orc comes into view. It is wielding a +0 dagger.
You shoot a sling bullet. The sling bullet hits the iguana!
The iguana is heavily wounded.
The iguana bites you!
You shoot a sling bullet. The sling bullet hits the iguana.
The iguana is heavily wounded.
The iguana bites you!
You shoot a sling bullet.
The sling bullet hits the iguana but does no damage.
The iguana is heavily wounded.
The iguana bites you!
A quokka comes into view.
You shoot a sling bullet. The sling bullet hits the iguana.
The iguana is almost dead.
The iguana bites you but does no damage.
The orc priest mumbles some strange prayers to Beogh against you.
Beogh smites you!
You die...

...# #.%r# ....#
####...# # #.lo...#
##.##@##.#########
#.....o..##<<....#
...........##.####.#
###..##.............#
#..#........##.#..#
#...)..............#
##..####.....##.....
##........#.## ##.. .
........!.####..#


You could see an iguana, an orc priest, an orc and a quokka.

Vanquished Creatures
  A jelly (D:3)
  4 adders
  An ufetubus (D:4)
  3 dart slugs
  7 orcs
  6 bats
  3 endoplasms
  4 giant cockroaches
  9 goblins
  11 hobgoblins
  3 jackals (D:1)
  2 quokkas
  6 ball pythons
  3 frilled lizards
  4 kobolds
  5 rats
72 creatures vanquished.

Notes
Turn   | Place    | Note
-------+----------+-------------------------------------------
     0 | D:1      | qw the Minotaur Hexslinger began the quest for the Orb.
     0 | D:1      | Reached XP level 1. HP: 16/16 MP: 1/1
     0 | D:1      | 0 ||| qw: Version: 0.3-a-52-g30416fa
     0 | D:1      | 0 ||| qw: Game counter: 4909
     0 | D:1      | 0 ||| qw: Melee chars always use a shield: true
     0 | D:1      | 0 ||| qw: God list: Okawaru
     0 | D:1      | 0 ||| qw: Allow faded altars: false
     0 | D:1      | 0 ||| qw: Do Orc after clearing Dungeon:15 true
     0 | D:1      | 0 ||| qw: Do second Lair branch before Depths: true
     0 | D:1      | 0 ||| qw: Lair rune preference: random
     0 | D:1      | 0 ||| qw: Goals: Normal
     0 | D:1      | 0 ||| PLANNING D:1-11
   130 | D:1      | Reached skill level 3 in Ranged Weapons
   135 | D:1      | Reached XP level 2. HP: 21/23 MP: 2/2
   617 | D:1      | Reached XP level 3. HP: 29/29 MP: 3/3
   722 | D:1      | 722 ||| READING scroll labelled LOXISO ALODU.
   723 | D:1      | 723 ||| READING scroll labelled VERESCH GUANISSU.
   724 | D:1      | 724 ||| READING scroll labelled YNUCUL QEDOPNE.
   725 | D:1      | 725 ||| READING scroll labelled ASISESS FUUV.
   726 | D:1      | 726 ||| DRINKING 2 glowing emerald potions.
   727 | D:1      | 727 ||| DROPPING scroll of poison.
   728 | D:1      | 728 ||| DROPPING potion of brilliance.
   753 | D:2      | Found a faded altar of an unknown god.
   947 | D:2      | Reached skill level 4 in Ranged Weapons
  1062 | D:2      | Identified the +5 falchion of Infection {heavy, rC+ Int+4}
  1417 | D:2      | 1417 ||| UPGRADING to +0 pair of gloves.
  1422 | D:2      | 1422 ||| READING scroll labelled GUCZIDEEMP.
  1485 | D:3      | Reached XP level 4. HP: 36/36 MP: 4/4
  1826 | D:3      | Reached skill level 5 in Ranged Weapons
  1916 | D:3      | Found a broken altar of Ashenzari.
  1970 | D:3      | Found a bloodstained altar of Trog.
  2100 | D:3      | 2100 ||| UPGRADING to +0 leather armour.
  2110 | D:3      | 2110 ||| DROPPING +0 robe.
  2111 | D:3      | 2111 ||| READING scroll labelled XOCAGE FUJO.
  2112 | D:3      | 2112 ||| READING 2 scrolls labelled QOAG SUSAKEIJ.
  2113 | D:3      | 2113 ||| DRINKING 3 sapphire potions.
  2114 | D:3      | 2114 ||| DRINKING 3 dark potions.
  2115 | D:3      | 2115 ||| DRINKING 2 fizzy green potions.
  2116 | D:3      | 2116 ||| DROPPING scroll of vulnerability.
  2169 | D:4      | Reached skill level 3 in Fighting
  2215 | D:4      | 2215 ||| DRINKING 2 metallic pink potions.
  2254 | D:4      | 2254 ||| DROPPING potion of lignification.
  2258 | D:4      | 2258 ||| FLEEEEING.
  2259 | D:4      | 2259 ||| FLEEEEING.
  2260 | D:4      | 2260 ||| FLEEEEING.
  2261 | D:4      | 2261 ||| FLEEEEING.
  2262 | D:4      | 2262 ||| STAIRDANCE
  2269 | D:4      | 2269 ||| STAIRDANCE
  2277 | D:3      | Reached XP level 5. HP: 15/45 MP: 5/5
  2405 | D:4      | Killed from afar by an orc priest

Levels and vault maps discovered:
D:1:      lemuel_arrival_cross, layout_basic
D:2:      layout_basic, shapermc_ecumenical_altar_rom_forum
D:3:      layout_loops_cross, nicolae_overflow_hidden_temple,
          kennysheep_generic_room_4
D:4:      layout_loops_cross

Skill      XL: |  1  2  3  4 |
---------------+-------------+-----
Ranged Weapons | 3 4 5 |  5.4
Fighting       | 2 3 |  3.0
Dodging        | |  2.1
Spellcasting   | |  1.0
Hexes          | |  2.0

Action                     |  1- 3 |  4- 6 || total
---------------------------+-------+-------++-------
   Fire: Sling             |   128 |    92 ||   220
    Use: Scroll            |     5 |     2 ||     7
         Potion            |     1 |     4 ||     5
 Armour: Robe              |     7 |     3 ||    10
         Leather armour    |       |     7 ||     7
  Dodge: Dodged            |    26 |    24 ||    50

Table legend:
 A = Non-vault XP
 B = Vault XP
 C = Vault XP percentage of total XP
 D = Non-vault monster count
 E = Vault monster count
 F = Vault count percentage of total count
                 A         B        C        D         E       F
            +---------+---------+-------+---------+---------+-------
      Total |     231 |       1 |   0.4 |      71 |       1 |   1.4
            +---------+---------+-------+---------+---------+-------
        D:1 |      48 |       0 |   0.0 |      26 |       0 |   0.0
        D:2 |      44 |       0 |   0.0 |      18 |       0 |   0.0
        D:3 |     125 |       1 |   0.8 |      23 |       1 |   4.2
        D:4 |      14 |       0 |   0.0 |       4 |       0 |   0.0
            +---------+---------+-------+---------+---------+-------
